 Dungeon Crawl Stone Soup version 0.24-a0-217-g1152973 (webtiles) character file.

Game seed: 10624388967766252647

8537 xeno23 the Covert (level 11, -3/75 HPs)
             Began as an Octopode Assassin on Mar 29, 2019.
             Was a Follower of Uskayaw.
             Engulfed by a cloud of freezing vapour (24 damage)
             ... in an ice cave.
             The game lasted 00:46:48 (9096 turns).

xeno23 the Covert (Octopode Assassin)               Turns: 9096, Time: 00:46:49

Health: -3/75      AC:  1    Str: 11    XL:     11   Next: 32%
Magic:  16/16      EV: 18    Int: 14    God:    Uskayaw [*.....]
Gold:   297        SH:  0    Dex: 18    Spells: 10/10 levels left

rFire    . . .     SeeInvis .   a - +3 dagger
rCold    . . .     Gourm    .   (no shield)
rNeg     . . .     Faith    .   (helmet restricted)
rPois    +         Spirit   .   (no amulet)
rElec    .         Reflect  .   u - +2 ring of dexterity
rCorr    .         Harm     .   w - ring of protection from magic
MR       ++...                  y - +5 ring of slaying
Stlth    ++++++....             c - ring of protection from magic
HPRegen  0.22/turn              I - ring of poison resistance
MPRegen  0.15/turn              (no ring)
                                (no ring)
                                (no ring)

@: no status effects
A: almost no armour, stealthy swim, amphibious, 8 rings, constrict 8, camouflage
1, gelatinous body 1
a: Stomp, Renounce Religion


You were in an ice cave.
You worshipped Uskayaw.
Uskayaw was noncommittal.
You were not hungry.

You visited 3 branches of the dungeon, and saw 11 of its levels.
You also visited: Ice Cave.

You collected 521 gold pieces.
You spent 224 gold pieces at shops.

Inventory:

Hand Weapons
 a - a +3 dagger (weapon)
 b - a +1 war axe of chopping
 s - a +0 blowgun
 E - a +1 dagger of holy wrath
Missiles
 d - 18 poisoned needles
 x - 17 sling bullets
 G - 2 curare-tipped needles
Jewellery
 c - a ring of protection from magic (on tentacle)
 u - a +2 ring of dexterity (left tentacle)
 w - a ring of protection from magic (right tentacle)
 y - a +5 ring of slaying (on tentacle)
 I - a ring of poison resistance (on tentacle)
Wands
 p - a wand of disintegration (11)
 v - a wand of iceblast (18)
Scrolls
 e - a scroll of identify
 i - a scroll of noise {unknown}
 j - 4 scrolls of remove curse
 m - 3 scrolls of immolation
 n - 5 scrolls of fog
 o - 2 scrolls of enchant weapon
 q - 4 scrolls of teleportation
 r - a scroll of enchant armour
 B - 2 scrolls of fear
 C - a scroll of random uselessness {unknown}
 F - a scroll of amnesia {unknown}
 H - a scroll of blinking
Potions
 g - a potion of ambrosia
 h - 2 potions of agility
 k - a potion of haste
 l - a potion of brilliance
 t - a potion of cancellation
 A - a potion of curing
 D - a potion of lignification
Miscellaneous
 J - a sack of spiders
Comestibles
 f - 20 rations
 z - 8 chunks of flesh


   Skills:
 + Level 7.1 Fighting
 - Level 10.0 Short Blades
 - Level 2.0 Throwing
 + Level 6.9 Dodging
 + Level 12.7 Stealth
 + Level 6.8 Evocations


You had 10 spell levels left.
You didn't know any spells.
Your spell library was empty.

Dungeon Overview and Level Annotations

Branches:
Dungeon (9/15)             Temple (1/1) D:5            Lair (1/6) D:8
    Orc (0/2) D:9

Altars:
Ashenzari
Cheibriados
Dithmenos
Elyvilon
Fedhas
Gozag
Hepliaklqana
Kikubaaqudgha
Makhleb
Nemelex Xobeh
Okawaru
Qazlal
Ru
Sif Muna
Trog
Uskayaw
Vehumet
Wu Jian
Xom
Yredelemnul
Zin
The Shining One

Shops:
D:8 ?}

Annotations:
D:9 exclusions: orc warrior and troll, Maurice
Lair:1 Grum


Innate Abilities, Weirdness & Mutations

You cannot wear most types of armour.
You are very stealthy in the water. (Stealth+)
You are amphibious.
You can wear up to eight rings at the same time.
You can use your tentacles to constrict eight enemies at once.
Your skin changes colour to match your surroundings (Stealth+).
Your rubbery body absorbs attacks. (AC +1, EV +1)


Message History

You kill the wolf!
You see here a wolf corpse.
You butcher the wolf corpse.
z - 8 chunks of flesh (gained 4)
You see here a wolf skeleton.
You see here a wolf corpse.
You can no longer merge with and destroy a victim.
Found 15 stones.
You can no longer pass through a line of other dancers.
Found a sack of spiders.
You are engulfed in freezing vapours.
You take 23 damage.
You are engulfed in freezing vapours.
* * * LOW HITPOINT WARNING * * *
You take 24 damage.
You see here a sack of spiders.
J - a sack of spiders You start resting.
You are engulfed in freezing vapours.
You die...

##††###.#∩#
#.÷.#######
##.†##
##.##
##..###.(.#
##......##
#....#..#
##.###..#
########.#
##@##§##.##
#☼##§§§..#
#.#§☼§§§.##
#§.#§§####
#.##○## #.
### ##


There were no monsters in sight!

Vanquished Creatures
  A two-headed ogre (D:8)
  A black mamba (Lair:1)
  A komodo dragon (Lair:1)
  2 rime drakes (Lair:1)
  A polar bear (IceCv)
  2 yaks
  A human (D:7)
  A wyvern (D:8)
  4 hogs
  2 basilisks (Lair:1)
  A warg (D:9)
  A water moccasin (D:9)
  2 porcupines (D:8)
  2 black bears
  3 orc warriors
  A sky beast (D:7)
  An ice beast (D:9)
  An eye of draining (D:8)
  4 ogres
  2 phantoms
  4 wolves (IceCv)
  3 centaurs
  4 crocodiles
  12 bullfrogs
  A scorpion (D:7)
  8 killer bees
  A howler monkey (D:4)
  2 bullfrog zombies
  3 crimson imps
  5 hounds
  3 jellies
  A quasit (D:9)
  4 orc priests
  A bullfrog skeleton (D:7)
  9 orc wizards
  A gnoll shaman (D:9)
  3 iguanas
  5 worker ants
  2 hound zombies
  2 worker ant zombies
  8 gnolls
  13 adders
  3 shadow imps
  3 adder skeletons
  3 worms
  3 dart slugs
  2 leopard geckos (D:2)
  35 orcs
  5 ball pythons
  10 bats
  2 giant cockroaches
  7 goblins
  9 hobgoblins
  2 jackals (D:3)
  5 quokkas
  7 frilled lizards
  A jackal skeleton (D:4)
  8 kobolds
  A leopard gecko skeleton (D:6)
  12 rats
  2 plants (D:8)
249 creatures vanquished.

Vanquished Creatures (others)
  15 fungi (D:8)
  6 plants (D:8)
21 creatures vanquished.

Grand Total: 270 creatures vanquished

Notes
Turn   | Place    | Note
-------+----------+-------------------------------------------
     0 | D:1      | xeno23 the Octopode Assassin began the quest for the Orb.
     0 | D:1      | Reached XP level 1. HP: 14/14 MP: 1/1
    93 | D:1      | Reached XP level 2. HP: 11/19 MP: 2/2
   408 | D:1      | Reached XP level 3. HP: 23/24 MP: 3/3
   895 | D:2      | Reached skill level 6 in Stealth
   927 | D:2      | Reached XP level 4. HP: 28/30 MP: 4/4
  1964 | D:3      | Reached XP level 5. HP: 35/35 MP: 5/5
  2182 | D:3      | Reached skill level 7 in Stealth
  2365 | D:3      | Reached XP level 6. HP: 21/41 MP: 6/6
  2972 | D:4      | Reached skill level 1 in Evocations
  3044 | D:4      | Reached XP level 7. HP: 39/46 MP: 7/7
  3052 | D:5      | Entered Level 5 of the Dungeon
  3123 | D:5      | Reached skill level 8 in Stealth
  3295 | D:5      | Reached skill level 5 in Short Blades
  3335 | D:5      | You fall through a shaft for 2 floors!
  3640 | D:7      | Reached XP level 8. HP: 54/54 MP: 9/9
  3649 | D:6      | Reached skill level 9 in Stealth
  3739 | D:5      | Found a staircase to the Ecumenical Temple.
  3751 | Temple   | Entered the Ecumenical Temple
  4150 | D:5      | Found a faded altar of an unknown god.
  4150 | D:5      | Found an iron altar of Okawaru.
  4155 | D:5      | Found a faded altar of an unknown god.
  4157 | D:5      | Found an ornate altar of the Wu Jian Council.
  4159 | D:5      | Found a glowing silver altar of Zin.
  4823 | D:6      | You fall through a shaft for 3 floors!
  4874 | D:9      | Reached skill level 10 in Stealth
  4874 | D:9      | Reached XP level 9. HP: 59/59 MP: 11/11
  4943 | D:9      | Found a white marble altar of Elyvilon.
  4967 | D:9      | Noticed Maurice
  5072 | D:9      | Noticed a troll
  5541 | D:9      | Reached skill level 5 in Fighting
  5589 | D:8      | Noticed a two-headed ogre
  5914 | D:6      | Reached skill level 11 in Stealth
  5942 | D:6      | Reached skill level 5 in Dodging
  6275 | D:8      | Reached XP level 10. HP: 27/66 MP: 13/13
  6452 | D:7      | Reached skill level 5 in Evocations
  7274 | D:8      | Found a snail-covered altar of Cheibriados.
  7316 | D:8      | Found Lyerok's Gadget Shop.
  7552 | D:8      | Killed a two-headed ogre
  7852 | D:8      | Found Natogez's Magic Scroll Shop.
  7865 | D:8      | Bought a scroll of blinking for 112 gold pieces
  7865 | D:8      | Bought a scroll of identify for 30 gold pieces
  7865 | D:8      | Bought a scroll of identify for 30 gold pieces
  7865 | D:8      | Bought a scroll of fear for 52 gold pieces
  7969 | D:8      | Found a staircase to the Lair.
  7993 | D:8      | Reached skill level 12 in Stealth
  8259 | D:8      | Found a hide-covered altar of Uskayaw.
  8267 | D:8      | Became a worshipper of Uskayaw the Reveler
  8298 | D:8      | Reached * piety under Uskayaw
  8368 | D:8      | Reached ** piety under Uskayaw
  8426 | D:9      | Reached *** piety under Uskayaw
  8435 | D:9      | Reached **** piety under Uskayaw
  8592 | D:9      | Found a staircase to the Orcish Mines.
  8690 | Lair:1   | Entered Level 1 of the Lair of Beasts
  8697 | Lair:1   | Noticed Grum
  8754 | Lair:1   | Reached XP level 11. HP: 58/74 MP: 15/15
  8913 | Lair:1   | Found a frozen archway.
  8943 | IceCv    | Entered an ice cave
  9056 | IceCv    | Reached skill level 10 in Short Blades
  9060 | IceCv    | Reached ***** piety under Uskayaw
  9096 | IceCv    | Engulfed by a cloud of freezing vapour

Levels and vault maps discovered:
D:1:      tarquinn_simple_flora_water_e, layout_rooms
D:2:      layout_rooms
D:3:      layout_basic, small_statue_intersection
D:4:      layout_basic
D:5:      layout_basic, chequers_temple_overflow_minitemple, temple_green,
          first_ration
D:6:      layout_layer_cave
D:7:      layout_basic, grunt_livestock
D:8:      layout_basic, lemuel_coloured_pillars_altar,
          due_lair_maze_entry_diamond, basic_altar, serial_shops, shop,
          minmay_shop_grid_forest
D:9:      layout_stronghold, erik_orc_3, basic_altar, serial_column_ruins,
          column_ruins_grid_4, column_ruins_corridor_corner,
          column_ruins_grid_1, column_ruins_open_small_water,
          column_ruins_open_large, column_ruins_columns_corner,
          column_ruins_open_medium, uniq_maurice
Temple:   regret_index_temple_mists
Lair:1:   layout_misc_corridors, portal_ice_cave_rime, minivault_26,
          st_stairs_6, uniq_grum
IceCv:    ice_cave_caverns_03

Skill      XL: |  1  2  3  4  5  6  7  8  9 10 11 |
---------------+----------------------------------+-----
Stealth        | 6 7 8 10 11 12 | 12.7
Short Blades   | 3 4 5 6 7 9 10 | 10.0
Dodging        | 2 3 4 5 6 |  6.9
Fighting       | 3 4 5 6 7 |  7.1
Evocations     | 1 2 3 4 6 |  6.8
Throwing       | |  2.0

Action                   |  1- 3 |  4- 6 |  7- 9 | 10-12 || total
-------------------------+-------+-------+-------+-------++-------
Melee: Dagger            |    60 |   167 |   150 |   228 ||   605
       Tentacles         |     8 |    32 |    35 |    64 ||   139
       Constrict         |     9 |    38 |    33 |    37 ||   117
       War axe           |       |       |    11 |       ||    11
 Fire: Blowgun           |       |    14 |    16 |    32 ||    62
Invok: Stomp             |       |       |       |     1 ||     1
Evoke: Wand              |       |       |     1 |     3 ||     4
  Use: Scroll            |       |     8 |     3 |     5 ||    16
       Potion            |       |       |     1 |       ||     1
 Stab: Sleeping          |    14 |    19 |    35 |     8 ||    76
       Distracted        |       |       |       |     4 ||     4
       Paralysed         |       |       |       |     5 ||     5
  Eat: Chunk             |       |     7 |    10 |     9 ||    26
Armor: Skin              |     3 |     6 |     1 |     2 ||    12
Dodge: Dodged            |    25 |    70 |    58 |   105 ||   258

Table legend:
 A = Non-vault XP
 B = Vault XP
 C = Vault XP percentage of total XP
 D = Non-vault monster count
 E = Vault monster count
 F = Vault count percentage of total count
                 A         B        C        D         E       F
            +---------+---------+-------+---------+---------+-------
      Total |    8188 |    4009 |  32.9 |     221 |      26 |  10.5
            +---------+---------+-------+---------+---------+-------
        D:1 |      36 |       0 |   0.0 |      24 |       0 |   0.0
        D:2 |      79 |       0 |   0.0 |      18 |       0 |   0.0
        D:3 |     212 |       0 |   0.0 |      41 |       0 |   0.0
        D:4 |     302 |       0 |   0.0 |      20 |       0 |   0.0
        D:5 |     697 |       0 |   0.0 |      20 |       0 |   0.0
        D:6 |     890 |     202 |  18.5 |      27 |       1 |   3.6
        D:7 |     852 |     795 |  48.3 |      14 |       4 |  22.2
        D:8 |    2121 |    1084 |  33.8 |      23 |       9 |  28.1
        D:9 |    1386 |     222 |  13.8 |      26 |       4 |  13.3
     Lair:1 |    1613 |     947 |  37.0 |       8 |       3 |  27.3
      IceCv |       0 |     759 | 100.0 |       0 |       5 | 100.0
            +---------+---------+-------+---------+---------+-------
